 Dungeon Crawl Stone Soup version 0.28.0-53-g5a82cb258f (webtiles) character file.

Game seed: 14648462897641817977

925 safid the Digger (level 8, -1/48 HPs)
             Began as a Gargoyle Earth Elementalist on Sept 6, 2022.
             Slain by Edmund
             ... wielding a +2 dire flail of protection
              (7 damage)
             ... on level 5 of the Dungeon.
             The game lasted 00:09:41 (6899 turns).

safid the Digger (Gargoyle Earth Elementalist)      Turns: 6899, Time: 00:09:41

Health: -1/48      AC: 16    Str: 11    XL:     8   Next: 10%
Magic:  3/14       EV: 11    Int: 19    God:
Gold:   210        SH:  0    Dex: 10    Spells: 12/16 levels left

rFire   . . .      SeeInvis .   p - +0 rapier (vamp)
rCold   . . .      Faith    .   (no shield)
rNeg    + . .      Spirit   .   B - +3 leather armour {Will+}
rPois   ∞          Reflect  .   v - +1 helmet
rElec   +          Harm     .   z - +0 cloak
rCorr   .          Rampage  .   s - +0 pair of gloves
Will    +....                   f - +0 pair of boots
Stlth   ++........              (no amulet)
HPRegen 0.16/turn               (no ring)
MPRegen 0.14/turn               (no ring)

@: no status effects
A: sickness immunity, AC +5, negative energy resistance 1, electricity
resistance, torment resistance 1, petrification resistance
a: no special abilities


You were on level 5 of the Dungeon.
You visited 1 branch of the dungeon, and saw 5 of its levels.

You collected 210 gold pieces.

Inventory:

Hand Weapons
 i - a +0 dagger of electrocution
 p - a +0 vampiric rapier (weapon)
Missiles
 c - 30 stones
 o - 8 curare-tipped darts
Armour
 f - a +0 pair of boots (worn)
 s - a +0 pair of gloves (worn)
 v - a +1 helmet (worn)
 z - a +0 cloak (worn)
 B - a +3 leather armour of willpower (worn)
Wands
 r - a wand of digging (8)
 u - a wand of flame (26)
Scrolls
 d - a scroll of enchant armour {unknown}
 g - a scroll of noise {unknown}
 j - 5 scrolls of identify {unknown}
 k - 3 scrolls of magic mapping {unknown}
 m - a scroll of blinking {unknown}
 n - a scroll of summoning {unknown}
 t - a scroll of vulnerability {unknown}
 w - a scroll of fog {unknown}
 y - 2 scrolls of teleportation {unknown}
Potions
 a - a potion of haste
 b - a potion of mutation {unknown}
 e - 3 potions of curing
 h - a potion of invisibility {unknown}
 l - a potion of magic {unknown}
 q - a potion of resistance {unknown}
 x - a potion of cancellation {unknown}
 A - a potion of degeneration {unknown}
 C - a potion of lignification {unknown}


   Skills:
 + Level 4.8 Fighting
 - Level 2.0 Dodging
 - Level 2.1 Stealth
 + Level 4.6 Spellcasting
 + Level 3.8 Conjurations
 - Level 0.7 Transmutations
 + Level 6.6 Earth Magic


You had 12 spell levels left.
You knew the following spells:

 Your Spells              Type           Power      Damage    Failure   Level
a - Sandblast             Erth           58%        2d13      1%          1
b - Stone Arrow           Conj/Erth      48%        3d10      6%          3

Your spell library contained the following spells:

 Spells                   Type           Power      Damage    Failure   Level
 Passwall                 Tmut/Erth      15%        N/A       5%          2
 Corpse Rot               Necr/Air       8%         N/A       26%         2
 Poisonous Vapours        Pois/Air       8%         N/A       26%         2
 Petrify                  Tmut/Erth      18%        N/A       36%         4
 Animate Armour           Summ/Erth      34%        N/A       41%         4
 Lehudib's Crystal Spear  Conj/Erth      12%        10d4      100%        8


Dungeon Overview and Level Annotations

Branches:
Dungeon (5/15)
 Temple: D:4-7

Altars:
Cheibriados
Sif Muna
Wu Jian
Xom

Shops:
D:1 =

Annotations:
D:3 1 runed translucent door, Crazy Yiuf
D:4 Pikel
D:5 Blork the orc, Edmund


Innate Abilities, Weirdness & Mutations

You are immune to sickness and miasma.
Your stone body is resilient. (AC +5)
You are immune to poison.
You resist negative energy. (rN+)
You are resistant to electric shocks. (rElec)
You are resistant to unholy torment.
You are immune to petrification.


Message History

Edmund is moderately wounded.
Edmund closely misses you.
You hit Edmund.
Edmund is heavily wounded.
Edmund hits you but does no damage.
Edmund hits you with a +2 dire flail of protection.
You closely miss Edmund.
Edmund is heavily wounded.
Edmund hits you with a +2 dire flail of protection.
You barely miss Edmund.
Edmund is heavily wounded.
Edmund hits you but does no damage.
You hit Edmund but do no damage.
Edmund is heavily wounded.
Edmund hits you with a +2 dire flail of protection!
You barely miss Edmund.
Edmund is heavily wounded.
Edmund completely misses you.
Casting: Sandblast (safe; 1% risk of failure)
Confirm with . or Enter, or press ? or * to list all spells.
You don't have enough magic to cast this spell.
Unknown command.
You hit Edmund but do no damage.
Edmund is heavily wounded.
Edmund hits you with a +2 dire flail of protection. x2
You hit Edmund.
You feel better.
Edmund is heavily wounded.
Edmund hits you but does no damage.
You barely miss Edmund.
Edmund is heavily wounded.
Edmund hits you with a +2 dire flail of protection!
You barely miss Edmund.
Edmund is heavily wounded.
Edmund hits you with a +2 dire flail of protection!
* * * LOW HITPOINT WARNING * * *
You barely miss Edmund.
Edmund is heavily wounded.
Edmund says, "A flail is better than a scythe, any day of the week!"
Edmund hits you with a +2 dire flail of protection!
You die...

#.####...## #.#
##..## # #.## ##..#
## #..#####.)##
.####.........######
..###.........#....#
#..................#
#####..........@...#
#........##.@..#
#........##....#
################


You could see Edmund.

Vanquished Creatures
  Grinder (D:5)
  Eustachio (D:4)
  2 lemures (D:4)
  2 scorpions
  2 hounds
  A gnoll shaman (D:4)
  An orc priest (D:5)
  Ijyb (D:3)
  3 iguanas (D:4)
  Natasha (D:4)
  A hound zombie (D:4)
  Robin (D:3)
  4 adders
  7 gnolls
  An ufetubus (D:4)
  A worm (D:4)
  3 orcs (D:5)
  5 endoplasms
  6 giant cockroaches
  20 goblins
  8 hobgoblins
  2 jackals (D:1)
  4 kobolds
  7 quokkas
  8 ball pythons
  6 bats
  3 frilled lizards
  4 rats
106 creatures vanquished.

Vanquished Creatures (others)
  15 plants (D:3)
15 creatures vanquished.

Grand Total: 121 creatures vanquished

Notes
Turn   | Place    | Note
-------+----------+-------------------------------------------
     0 | D:1      | safid the Gargoyle Earth Elementalist began the quest for
                  | the Orb.
     0 | D:1      | Reached XP level 1. HP: 10/10 MP: 3/3
   335 | D:1      | Found Ymmirudo's Jewellery Emporium.
   483 | D:1      | Reached XP level 2. HP: 10/16 MP: 1/5
  1020 | D:1      | Reached skill level 1 in Fighting
  1151 | D:1      | Reached skill level 4 in Earth Magic
  1281 | D:1      | Reached XP level 3. HP: 20/20 MP: 6/6
  1696 | D:1      | Found a faded altar of an unknown god.
  1758 | D:2      | Reached XP level 4. HP: 26/26 MP: 3/7
  2713 | D:3      | Noticed Ijyb
  2724 | D:3      | Killed Ijyb
  2808 | D:3      | Reached XP level 5. HP: 29/31 MP: 4/9
  2812 | D:3      | Learned a level 3 spell: Stone Arrow
  2947 | D:3      | Found an ornate altar of the Wu Jian Council.
  3162 | D:3      | Noticed Robin
  3205 | D:3      | Killed Robin
  3206 | D:3      | Reached skill level 5 in Earth Magic
  3598 | D:3      | Found a shimmering altar of Xom.
  3599 | D:3      | Found a shimmering blue altar of Sif Muna.
  3958 | D:3      | Identified the +10 mace of the Howling Puffin {antimagic,
                  | rCorr Dex+5}
  3961 | D:3      | Found a runed translucent door.
  3962 | D:3      | Noticed Crazy Yiuf
  4217 | D:4      | Found a snail-covered altar of Cheibriados.
  4277 | D:4      | Noticed Pikel
  4277 | D:4      | Noticed a lemure
  4277 | D:4      | Noticed a lemure
  4296 | D:4      | Noticed a lemure
  4300 | D:4      | Killed a lemure
  4319 | D:4      | Noticed a lemure
  4495 | D:4      | Reached skill level 1 in Conjurations
  4501 | D:4      | Reached XP level 6. HP: 34/37 MP: 6/11
  5545 | D:4      | Reached XP level 7. HP: 32/42 MP: 12/12
  5885 | D:4      | Noticed Eustachio
  5923 | D:4      | Killed Eustachio
  5924 | D:4      | Reached skill level 6 in Earth Magic
  6408 | D:4      | Noticed Natasha
  6415 | D:4      | Killed Natasha
  6503 | D:5      | Entered Level 5 of the Dungeon
  6538 | D:5      | Noticed Grinder
  6543 | D:5      | Killed Grinder
  6569 | D:5      | Reached XP level 8. HP: 8/48 MP: 2/14
  6843 | D:5      | Noticed Edmund
  6843 | D:5      | Noticed Blork the orc
  6899 | D:5      | Slain by Edmund

Illustrated notes

Levels and vault maps discovered:
D:1:      lemuel_arrival_broad_hall, layout_basic,
          shapermc_ecumenical_altar_venn, serial_forest,
          infiniplex_forest_diagonal, infiniplex_forest_lined_3_way,
          infiniplex_forest_lined_room_3, infiniplex_forest_straight_3,
          infiniplex_forest_clump_small, serial_shops, nicolae_shop_stone
D:2:      layout_basic, minmay_vboxes
D:3:      layout_basic, nicolae_overflow_squiral, nicolae_wu_jian_glorious_leap,
          serial_bayou_lagoon_a, chequers_serial_rivers_room_b, st_stairs_13,
          uniq_crazy_yiuf_cottage, uniq_robin, uniq_ijyb
D:4:      layout_layer_cave, mainiacjoe_overflow_six_doors_small,
          kennysheep_opposing_triangles, uniq_pikel, uniq_eustachio,
          uniq_natasha
D:5:      layout_rooms, nicolae_vehumet_altar_sigil, chequers_avenue,
          hangedman_decor_diamond_cutter, nicolae_wooded_promenade, uniq_edmund,
          uniq_blork_the_orc, uniq_sigmund, uniq_grinder

Skill      XL: |  1  2  3  4  5  6  7 |
---------------+----------------------+-----
Fighting       | 1 2 3 4 |  4.8
Dodging        | 2 |  2.0
Earth Magic    | 4 5 6 |  6.6
Spellcasting   | 3 4 |  4.6
Conjurations   | 1 2 3 |  3.8
Stealth        | |  2.1
Transmutations | |  0.7

Action                   |  1- 3 |  4- 6 |  7- 9 || total
-------------------------+-------+-------+-------++-------
Melee: Dagger            |   123 |   157 |    33 ||   313
       Punch             |       |     4 |     1 ||     5
       Rapier            |       |       |    34 ||    34
 Cast: Sandblast         |    18 |    52 |    25 ||    95
       Stone Arrow       |       |       |     8 ||     8
  Use: Potion            |       |       |     3 ||     3
 Stab: Sleeping          |     4 |     7 |       ||    11
Armor: Robe              |    39 |    55 |    26 ||   120
       Leather armour    |       |       |    22 ||    22
Dodge: Dodged            |    82 |   120 |    66 ||   268
